AoeStats
← ikbendom

Arabian Desert

509047923Analyzed
1v1 RM · 7d ago on Sep 25, 2026· 47m 42s· 2 players
Game mode
Random Map
Map size
Tiny (2 player)
Population
200
Speed
Normal
Resources
Standard
Victory
Conquest
Starting age
Dark Age
Ending age
Imperial Age
RankedLock teamsTeams togetherTeam positionsShared explorationLock speedFull tech treeHidden civsTurbo modeCheats
Victory
Defeat
🇧🇪 Gurjaras · Belgium
967
+15
🇳🇱 Franks · Netherlands
955
-44
ikbendom
7:21 Loom
10:59 Feudal Age
15:13 Double-Bit Axe
16:12 Wheelbarrow
16:32 Gold Mining
21:54 Castle Age
22:56 Forging
22:59 Scale Barding Armor
23:51 Hand Cart
26:00 Stone Mining
28:38 Iron Casting
27:57 Fletching
39:46 Imperial Age
37:22 Pikeman
38:47 Scale Mail Armor
38:43 Bodkin Arrow
39:54 Halberdier
41:48 Blast Furnace
41:04 Chain Mail Armor
41:56 Gold Shaft Mining
46:01 Elite Throwing Axeman
Aubusson
5:28 Loom
10:05 Feudal Age
10:57 Double-Bit Axe
16:02 Wheelbarrow
16:29 Horse Collar
16:55 Gold Mining
19:20 Castle Age
20:21 Bow Saw
23:36 Heavy Plow
24:37 Bloodlines
24:32 Husbandry
27:33 Hand Cart
27:04 Town Watch
33:00 Imperial Age
30:51 Scale Barding Armor
36:35 Heavy Camel Rider
39:19 Chain Barding Armor
39:10 Forging
40:25 Chemistry
39:38 Masonry
41:22 Plate Barding Armor
41:29 Conscription
40:33 Elite Chakram Thrower
41:20 Scale Mail Armor
41:55 Iron Casting
43:01 Chain Mail Armor
45:36 Plate Mail Armor
Connection lost

Rejoining the realm…

Still unreachable

The connection could not be restored.

Session expired

The server has moved on; the page needs a fresh start.